 Dungeon Crawl Stone Soup version 0.25.1-2-g60ff931df9 (webtiles) character file.

Game seed: 6068774966127927051

175 Goreval the Chopper (level 5, 0/47 HPs)
             Began as a Hill Orc Monk on Sept 25, 2020.
             Slain by Grinder (3 damage)
             ... while paralysed by Grinder
             ... on level 4 of the Dungeon.
             The game lasted 00:05:23 (4743 turns).

Goreval the Chopper (Hill Orc Monk)                 Turns: 4743, Time: 00:05:24

Health: 0/47       AC:  5    Str: 15    XL:     5   Next: 55%
Magic:  5/5        EV:  2    Int: 10    God:
Gold:   119        SH:  0    Dex: 13    Spells: 4/4 levels left

rFire    . . .     SeeInvis .   a - +0 hand axe
rCold    . . .     Gourm    .   (no shield)
rNeg     . . .     Faith    .   g - +0 ring mail
rPois    .         Spirit   .   (no helmet)
rElec    .         Reflect  .   (no cloak)
rCorr    .         Harm     .   (no gloves)
MR       .....                  (no boots)
Stlth    +.........             (no amulet)
HPRegen  0.15/turn              (no ring)
MPRegen  0.09/turn              (no ring)

@: paralysed
A: no striking features
a: no special abilities


You were on level 4 of the Dungeon.
You were not hungry.

You visited 1 branch of the dungeon, and saw 4 of its levels.

You collected 119 gold pieces.

Inventory:

Hand Weapons
 a - a +0 hand axe (weapon)
Missiles
 i - 77 stones (quivered)
Armour
 g - a +0 ring mail (worn)
Potions
 d - a potion of cancellation {unknown}
 e - a potion of curing {unknown}
 f - a potion of stabbing {unknown}
 j - a potion of berserk rage {unknown}
 m - a potion of mutation {unknown}
 n - a potion of degeneration
Comestibles
 c - 6 rations


   Skills:
 + Level 4.8 Fighting
 * Level 6.3 Axes
 + Level 2.4 Armour
 - Level 2.4 Dodging
 - Level 1.5 Stealth


You had 4 spell levels left.
You didn't know any spells.
Your spell library was empty.

Dungeon Overview and Level Annotations

Branches:
Dungeon (4/15)
 Temple: D:4-7

Altars:
Okawaru

Annotations:
D:3 Purgy
D:4 Grinder


Message History

You shrug off the repeated paralysis!
You barely miss Grinder. Grinder hits you.
You barely miss Grinder. Grinder hits you!
* * * LOW HITPOINT WARNING * * *
You writhe in agony.
* * * LOW HITPOINT WARNING * * *
As you read the scroll of fear, it crumbles to dust.
You assume a fearsome visage.
Grinder is unaffected.
Grinder hits you.
* * * LOW HITPOINT WARNING * * *
You writhe in agony.
* * * LOW HITPOINT WARNING * * *
You aren't carrying any scrolls.
Unknown command.
You hit Grinder. Grinder gestures at you.
You suddenly lose the ability to move!
Grinder gestures at you.
You barely resist. Grinder hits you.
You die...

..
#..#####.....#...
###[##.#
#.#####... #. #.#
#.# ##.. ###. #.#
#.# ### # #...
#.# #.# ##.#...
#.# #.# .......
#.# #.#
.#.#.#5##.#
#.#######
.......@..#
#.......##
.#.#.#..###
#######...
........# ####
.#.#.#..#
......[.#
#####...# #####


You could see Grinder.

Vanquished Creatures
  A hound (D:4)
  A worker ant (D:4)
  5 adders
  An adder skeleton (D:4)
  3 dart slugs
  4 leopard geckos
  2 orcs (D:3)
  4 giant cockroaches
  2 goblins (D:1)
  8 hobgoblins
  9 jackals
  5 kobolds
  6 bats
  5 frilled lizards (D:2)
  A jackal skeleton (D:2)
  5 rats
62 creatures vanquished.

Notes
Turn   | Place    | Note
-------+----------+-------------------------------------------
     0 | D:1      | Goreval the Hill Orc Monk began the quest for the Orb.
     0 | D:1      | Reached XP level 1. HP: 19/19 MP: 1/1
   374 | D:1      | Reached XP level 2. HP: 13/27 MP: 2/2
   926 | D:1      | Reached skill level 1 in Armour
  1195 | D:1      | Reached XP level 3. HP: 30/33 MP: 3/3
  1573 | D:2      | Reached skill level 5 in Axes
  2348 | D:2      | Reached XP level 4. HP: 40/40 MP: 4/4
  3141 | D:3      | Found an iron altar of Okawaru.
  3157 | D:3      | Noticed Purgy
  3615 | D:3      | Reached XP level 5. HP: 47/47 MP: 5/5
  3973 | D:4      | Reached skill level 6 in Axes
  4224 | D:4      | Noticed a phantom
  4633 | D:4      | Noticed Grinder
  4735 | D:4      | Paralysed by Grinder for 2 turns
  4741 | D:4      | Paralysed by Grinder for 3 turns
  4743 | D:4      | Slain by Grinder

Illustrated notes

Levels and vault maps discovered:
D:1:      erik_arrival_blinker_ship, layout_rooms
D:2:      layout_basic
D:3:      layout_basic, okawaru_ov_weapons_minmay, uniq_purgy
D:4:      layout_loops_corners, temple_statues, serial_co_window_serial,
          co_window_corner_a, co_window_corner_a, co_window_paths_b,
          co_window_of_opportunity_a, co_window_paths_b, co_window_broadway_b,
          co_window_broadway_c, co_window_of_opportunity_c, glass_columns_b,
          glass_columns_b, glass_columns_a, glass_columns_a, first_ration,
          uniq_grinder, uniq_eustachio

Skill      XL: |  1  2  3  4  5 |
---------------+----------------+-----
Armour         | 1 2 |  2.4
Fighting       | 4 |  4.8
Axes           | 5 6 |  6.3
Dodging        | |  2.4
Stealth        | |  1.5

Action                   |  1- 3 |  4- 6 || total
-------------------------+-------+-------++-------
Melee: Hand axe          |   178 |   106 ||   284
Throw: Stone             |    25 |    31 ||    56
  Use: Scroll            |       |     6 ||     6
 Stab: Sleeping          |     3 |     1 ||     4
  Eat: Chunk             |     5 |     7 ||    12
Armor: Robe              |    27 |     8 ||    35
       Ring mail         |       |     2 ||     2
Dodge: Dodged            |   145 |    66 ||   211
